 Dungeon Crawl Stone Soup version 0.29-a0-356-g7bc237e783 (webtiles) character file.

Game seed: 8634074371975870081

87329 spiderkeys the Warrior (level 15, 0/141 HPs)
             Began as a Ghoul Abyssal Knight on Apr 27, 2022.
             Was the Champion of Lugonu.
             Slain by a large slime creature (24 damage)
             ... on level 13 of the Dungeon.
             The game lasted 01:00:14 (34232 turns).

spiderkeys the Warrior (Ghoul Abyssal Knight)      Turns: 34232, Time: 01:00:15

Health: 0/141      AC: 29    Str: 25    XL:     15   Next: 90%
Magic:  20/20      EV: 12    Int:  5    God:    Lugonu [******]
Gold:   2536       SH: 19    Dex:  9    Spells: 14/14 levels left

rFire   + . .      SeeInvis +   J - +3 broad axe (flame)
rCold   + + .      Faith    .   c - +2 kite shield
rNeg    + + +      Spirit   .   z - +2 chain mail {rF+}
rPois   ∞          Reflect  +   O - +2 helmet {SInv}
rElec   .          Harm     .   b - +2 cloak
rCorr   .          Rampage  .   N - +2 pair of gloves
Will    +....                   k - +2 pair of boots
Stlth   ..........              G - amulet of reflection
HPRegen 0.00/turn               C - ring of protection from cold
MPRegen 0.17/turn               E - +4 ring of evasion

@: inhibited regen
A: claws 1, cold resistance 1, negative energy resistance 3, inhibited
regeneration, torment resistance 2, devour on kill
a: Renounce Religion, Depart the Abyss, Bend Space, Banish, Corrupt, Enter the
Abyss, Brand Weapon With Distortion


You were on level 13 of the Dungeon.
You worshipped Lugonu.
Lugonu was exalted by your worship.
You visited 3 branches of the dungeon, and saw 21 of its levels.
You visited the Abyss 1 time.
You also visited: Gauntlet and Ice Cave.

You collected 3285 gold pieces.
You spent 749 gold pieces at shops.


Innate Abilities, Weirdness & Mutations

You are immune to poison.
You have sharp fingernails.
Your flesh is cold resistant. (rC+)
You are immune to negative energy. (rN+++)
You do not regenerate when monsters are visible.
You are immune to unholy pain and torment.
You thrive by killing the living.


   Skills:
 + Level 15.6 Fighting
 + Level 13.1 Axes
 + Level 13.1 Armour
 - Level 1.0 Dodging
 + Level 13.6 Shields
 - Level 9.0 Invocations


You had 14 spell levels left.
You didn't know any spells.
Your spell library contained the following spells:

 Spells                   Type           Power      Damage    Failure   Level
 Animate Skeleton         Necr           0%         N/A       99%         1
 Magic Dart               Conj           0%         1d3       99%         1
 Pain                     Necr           0%         1d4       99%         1
 Corpse Rot               Necr/Air       0%         N/A       100%        2
 Poisonous Vapours        Pois/Air       0%         N/A       100%        2
 Searing Ray              Conj           0%         2d4       100%        2
 Gell's Gravitas          Tloc           0%         N/A       100%        3
 Ozocubu's Armour         Ice            0%         N/A       100%        3
 Swiftness                Air            0%         N/A       100%        3
 Teleport Other           Tloc           0%         N/A       100%        3
 Tukima's Dance           Hex            0%         N/A       100%        3
 Vampiric Draining        Necr           0%         2d6       100%        3
 Animate Dead             Necr           0%         N/A       100%        4
 Fulminant Prism          Conj/Hex       0%         3d6       100%        4
 Passage of Golubria      Tloc           0%         N/A       100%        4
 Petrify                  Tmut/Erth      0%         N/A       100%        4
 Agony                    Necr           0%         N/A       100%        5
 Borgnjor's Vile Clutch   Necr/Erth      0%         N/A       100%        5
 Excruciating Wounds      Necr           0%         N/A       100%        5
 Fireball                 Conj/Fire      0%         3d3       100%        5
 Iskenderun's Battlesphe  Conj           0%         2d6       100%        5
 Metabolic Englaciation   Hex/Ice        0%         N/A       100%        5
 Yara's Violent Unravell  Hex/Tmut       0%         3d3       100%        5
 Conjure Ball Lightning   Conj/Air       0%         3x3d6     100%        6
 Death Channel            Necr           0%         N/A       100%        6
 Dispersal                Tloc           0%         N/A       100%        6
 Iron Shot                Conj/Erth      0%         9d1       100%        6
 Simulacrum               Ice/Necr       0%         N/A       100%        6
 Starburst                Conj/Fire      0%         6d3       100%        6
 Orb of Destruction       Conj           0%         9d5       100%        7
 Spellforged Servitor     Conj/Summ      0%         N/A       100%        7
 Ignition                 Fire           0%         3d3       100%        8
 Beastly Appendage        Tmut           Unusable   N/A       N/A         1
 Wereblood                Tmut           Unusable   N/A       N/A         2
 Spider Form              Tmut/Pois      Unusable   N/A       N/A         3
 Statue Form              Tmut/Erth      Unusable   N/A       N/A         6

Inventory:

Hand Weapons
 H - a +2 war axe of distortion
   (You took it off an orc warrior on level 8 of the Dungeon)
 J - a +3 broad axe of flaming (weapon)
   (You took it off Maggie on level 8 of the Dungeon)
 V - the +9 hand axe of the Vanishing Friars {venom, Will+++ Str+8 Dex-4 Stlth+}
   (You found it on level 5 of the Dungeon)

   It poisons the flesh of those it strikes.
   Str:       It affects your strength (+8).
   Dex:       It affects your dexterity (-4).
   Will:      It greatly increases your willpower.
   Stlth:     It makes you more stealthy.
Missiles
 t - 6 javelins
 A - a curare-tipped dart {=f}
 P - 2 silver boomerangs
 Z - 25 boomerangs
Armour
 b - a +2 cloak (worn)
   (You took it off Crazy Yiuf on level 5 of the Dungeon)
 c - a +2 kite shield (worn)
   (You took it off a gnoll sergeant on level 8 of the Dungeon)
 k - a +2 pair of boots (worn)
   (You found it on level 1 of the Dungeon)
 l - a +1 chain mail of willpower
   (You took it off an orc warrior on level 7 of the Dungeon)
 z - a +2 chain mail of fire resistance (worn)
   (You took it off an orc warlord on level 2 of the Orcish Mines)
 N - a +2 pair of gloves (worn)
   (You found it on level 6 of the Lair of Beasts)
 O - a +2 helmet of see invisible (worn)
   (You found it in a Gauntlet)
 R - the +0 ice dragon scales of Moem {rF- rC++ Will+ Str+3}
   (You found it in an ice cave)

   Str:       It affects your strength (+3).
   rF:        It makes you vulnerable to fire.
   rC:        It greatly protects you from cold.
   Will:      It increases your willpower.
Jewellery
 C - a ring of protection from cold (left hand)
   (You found it on level 3 of the Dungeon)
 E - a +4 ring of evasion (right hand)
   (You found it on level 3 of the Dungeon)
 F - the amulet of Himagu {Spirit Rampage Will+ Str-3 Int+3}
   (You found it on level 6 of the Lair of Beasts)

   [amulet of guardian spirit]

   It causes incoming damage to be divided between your reserves of health and
   magic.
   Str:       It affects your strength (-3).
   Int:       It affects your intelligence (+3).
   Rampage:   It bestows one free step when moving towards enemies.
   Will:      It increases your willpower.
 G - an amulet of reflection (around neck)
   (You bought it in a shop on level 2 of the Orcish Mines)
 L - a ring of flight
   (You found it on level 4 of the Dungeon)
 Y - a +4 ring of slaying
   (You found it in a Gauntlet)
Wands
 a - a wand of iceblast (10)
   (You took it off Pikel on level 5 of the Dungeon)
 i - a wand of mindburst (12)
   (You found it on level 6 of the Lair of Beasts)
 q - a wand of digging (5)
   (You found it on level 11 of the Dungeon)
 w - a wand of polymorph (12)
   (You found it on level 9 of the Dungeon)
 x - a wand of flame (36)
   (You took it off Duvessa on level 6 of the Dungeon)
 T - a wand of acid (2)
   (You found it in a Gauntlet)
 W - a wand of paralysis (13)
   (You found it on level 6 of the Lair of Beasts)
Scrolls
 d - 2 scrolls of torment
 e - 4 scrolls of amnesia
 f - 4 scrolls of fear
 h - 4 scrolls of silence {!r}
 p - 6 scrolls of immolation {!r!r}
 s - 2 scrolls of blinking {!r}
 y - 4 scrolls of magic mapping {!r}
 K - 3 scrolls of brand weapon
 M - 2 scrolls of fog
 Q - 6 scrolls of enchant armour
 U - 2 scrolls of teleportation {@r4}
 X - 3 scrolls of vulnerability {!r!r}
Potions
 g - 4 potions of cancellation
 j - 13 potions of curing {@q1}
 m - a potion of resistance
 o - 2 potions of ambrosia
 r - 4 potions of might
 v - 3 potions of haste {@q3}
 B - a potion of brilliance
 D - a potion of attraction {!q}
 S - 3 potions of invisibility
Miscellaneous
 n - a condenser vane
   (You found it on level 11 of the Dungeon)
 u - a box of beasts
   (You found it on level 11 of the Dungeon)
 I - a phantom mirror
   (You found it in a Gauntlet)

Dungeon Overview and Level Annotations

Branches:
Dungeon (13/15)            Temple (0/1) D:5            Lair (6/6) D:9
 Shoals (0/4) Lair:4       Spider (0/4) Lair:2        Slime (0/5) Lair:6
    Orc (2/2) D:9             Elf (0/3) Orc:2         IceCv (visited)
Gauntlet (visited)
 Vaults: D:13-14

Altars:
Kikubaaqudgha
Nemelex Xobeh
Zin
Beogh
Jiyva

Shops:
D:2 *   D:12 ?   Orc:2 ([(=

Annotations:
D:3 2 transporters, rabbitsville's ghost, weakling OgMo
D:9 2 transporters, domi's ghost, novice DsWz
Abyss:1 Blork the orc

#.........#..###..#....#.#....#.
.#.........#.......'....#.#....#.
.#####'#####.......#..###....[.##
........############..#########..
........#.........#.......+ #.#
........#.........#.......# #.#
.....##.#.........#.).....# #..
.....##.#......JJ.+.......# #..
(.......########@##+###+#.#####..
##########..............#.##..###
# #...###........#........ #
#...###..###...#........
##########..............######'##
...............##############..[.
###.....)#####.#............#....
###......#####.#............#....
...............######†###...#....


You could see 2 large slime creatures.


Message History

Lugonu accepts your kill.
No target in view!
No target in view!
Key pressed, stopping explore.
As you open the door, it creaks loudly! 2 slime creatures come into view.
The slime creature quivers. x2
A slime creature comes into view.
There are monsters nearby! 2 slime creatures come into view.
The slime creature quivers. x2
You block the slime creature's attack. The slime creature hits you!
Two slime creatures merge to form a large slime creature.
There is an open door here. 😕 HP[-10]
You take 10 damage, and now have 131/141 hp.
You slice the large slime creature!! You burn the large slime creature.
You barely miss the slime creature.
Two slime creatures merge to form a very large slime creature.
The slime creature closely misses you.
You hit the very large slime creature. You burn the very large slime creature.
You slash the slime creature! You burn the slime creature.
The very large slime creature hits you. You block the slime creature's attack.
Two slime creatures merge to form an enormous slime creature. 😕 HP[-3]
You take 3 damage, and now have 128/141 hp.
You hit the slime creature. You burn the slime creature.
You slash the enormous slime creature! You burn the enormous slime creature!
You block the slime creature's attack.
You hit the slime creature but do no damage.
You slash the enormous slime creature! You burn the enormous slime creature.
You block the slime creature's attack.
You slice the enormous slime creature!! You burn the enormous slime creature.
You hit the slime creature. You burn the slime creature.
The slime creature hits you but does no damage.
The enormous slime creature hits you! 😕 HP[-13]
You take 13 damage, and now have 115/141 hp.
You hit the enormous slime creature but do no damage.
You hit the slime creature. You burn the slime creature.
You block the slime creature's attack.
The enormous slime creature hits you!! 😮 HP[-21]
You take 21 damage, and now have 94/141 hp.
You are too injured to fight recklessly!
You are too injured to fight recklessly!
You are too injured to fight recklessly!
You slash the enormous slime creature! You burn the enormous slime creature.
You slice the slime creature!! You burn the slime creature.
You block the slime creature's attack.
You block the enormous slime creature's attack.
You slash the enormous slime creature! You burn the enormous slime creature.
You barely miss the slime creature. The enormous slime creature hits you!
You block the slime creature's attack. 😮 HP[-9]
You take 9 damage, and now have 85/141 hp.
You barely miss the enormous slime creature.
You hit the slime creature. You burn the slime creature.
The slime creature hits you.
You block the enormous slime creature's attack. 😮 HP[-5]
You take 5 damage, and now have 80/141 hp.
You slash the enormous slime creature! You burn the enormous slime creature!
You hit the slime creature. You burn the slime creature.
You block the slime creature's attack.
You block the enormous slime creature's attack.
You barely miss the enormous slime creature.
You slash the slime creature! You burn the slime creature.
You kill the slime creature!
Lugonu accepts your kill.
An enormous slime creature splits.
You slash the large slime creature! You burn the large slime creature.
You slash the large slime creature! You burn the large slime creature.
The large slime creature hits you!!
* * * LOW HITPOINT WARNING * * *
You block the large slime creature's attack. 😨 HP[-18]
You take 18 damage, and now have 62/141 hp.
You completely miss the large slime creature.
You slash the large slime creature! You burn the large slime creature.
You block the large slime creature's attack. x2
You hit the large slime creature. You burn the large slime creature.
You hit the large slime creature. You burn the large slime creature.
You block the large slime creature's attack. x2
The large slime creature hits you!!
* * * LOW HITPOINT WARNING * * *
😨 HP[-18]
You take 18 damage, and now have 44/141 hp.
You slice the large slime creature!! You burn the large slime creature!
You slash the large slime creature! You burn the large slime creature.
You block the large slime creature's attack. x2
You barely miss the large slime creature. x2
You block the large slime creature's attack.
The large slime creature hits you!!
* * * LOW HITPOINT WARNING * * *
😱 HP[-20]
You take 20 damage, and now have 24/141 hp.
You slash the large slime creature! You burn the large slime creature.
You hit the large slime creature. You burn the large slime creature.
The large slime creature hits you!!
You die...

Skill      XL: |  1  2  3  4  5  6  7  8  9 10 11 12 13 14 15 |
---------------+----------------------------------------------+-----
Dodging        | 1 |  1.0
Armour         | 2 3 4 5 6 7 8 10 11 12 13 | 13.1
Axes           | 2 3 4 5 6 7 8 10 11 12 13 | 13.1
Invocations    | 3 4 5 6 7 9 |  9.0
Fighting       | 4 5 7 8 9 10 12 13 14 15 | 15.6
Shields        | 3 7 9 11 12 13 | 13.6

Action                   |  1- 3 |  4- 6 |  7- 9 | 10-12 | 13-15 || total
-------------------------+-------+-------+-------+-------+-------++-------
Melee: Hand axe          |   126 |   203 |   295 |   352 |       ||   976
       Punch             |       |     4 |     2 |       |       ||     6
       War axe           |       |       |    26 |       |       ||    26
       Broad axe         |       |       |       |   214 |  1364 ||  1578
Throw: Dart              |       |       |       |     4 |     1 ||     5
       Boomerang         |       |       |       |     3 |       ||     3
Invok: Banish            |       |     1 |     1 |     1 |       ||     3
       Bend Space        |       |       |     1 |       |    11 ||    12
       Corrupt           |       |       |       |       |     1 ||     1
Evoke: Wand              |       |       |       |    13 |     9 ||    22
       Condenser vane    |       |       |       |       |     1 ||     1
  Use: Scroll            |    10 |     2 |    10 |     5 |    19 ||    46
       Potion            |       |       |       |     3 |     3 ||     6
 Stab: Distracted        |       |       |       |     1 |     1 ||     2
       Petrified         |       |       |       |       |    11 ||    11
Armor: Leather armour    |    64 |    80 |   105 |       |       ||   249
       Chain mail        |       |       |    13 |   283 |   756 ||  1052
Dodge: Dodged            |    88 |   181 |   270 |   346 |   576 ||  1461
Block: Kite shield       |       |       |       |   293 |  1304 ||  1597
       Reflection        |       |       |       |       |    23 ||    23

Levels and vault maps discovered:
D:1:      sevenhm_arrival_forest_fort_small_4, layout_basic
D:2:      layout_loops_ring, serial_shops, shop_statue,
          minmay_misc_feat_nine_boxes, chequers_serial_rivers_micro_d,
          minmay_goblin_kobold_house
D:3:      layout_rooms, hellmonk_ecumenical_altar_blasted, gammafunk_ghost_arena
D:4:      layout_loops_ring, minmay_hedge_maze, kennysheep_crisscross,
          chequers_serial_rivers_micro_b, minmay_joined_circles,
          uniq_blork_the_orc
D:5:      layout_gridville, minmay_temple_entry_antechambers, uniq_pikel,
          uniq_crazy_yiuf_cottage
D:6:      layout_basic, mainiacjoe_overflow_large_starburst, roderic_batcave,
          columned_hall_lemuel, minivault_25, uniq_duvessa
D:7:      minmay_bubble_buster, layout_loops_corners, item_on_display_a,
          uniq_joseph
D:8:      layout_loops_ring, serial_ice, serial_ice_l, serial_ice_o,
          serial_ice_c, serial_ice_a, uniq_maggie
D:9:      layout_irregular_city, grunt_lair_entry_orc_guard_hut, david_orc_5,
          gammafunk_ghost_berserking_beasts, lightli_wizard_tower
D:10:     layout_irregular_city
D:11:     minmay_tearing_corner, layout_long_grid, nemelex_diamond_rough_becter
D:12:     layout_loops_cross, serial_shops, nicolae_stop_n_shop_2,
          portal_ice_cave_rime, uniq_snorg, uniq_psyche
D:13:     layout_stronghold
Lair:1:   layout_loops_ring, grunt_megastairs_3, serial_bayou_shore_b,
          infiniplex_staircase_pool, uniq_prince_ribbit2, uniq_amaemon
Lair:2:   layout_loops_ring, spider_nest_entry_rubble
Lair:3:   layout_cave_pods, serial_forest, infiniplex_forest_lined_room_3,
          infiniplex_forest_corner_1, infiniplex_forest_straight_2,
          infiniplex_forest_clump_long, infiniplex_forest_clump_curved,
          infiniplex_forest_straight_2, lemuel_fruit_fields, uniq_gastronok
Lair:4:   layout_concentric_octagons, elwin_shoals_entry_rooms,
          serial_bayou_pond_c, grunt_forest_small_clearings, wad_woods_river_01,
          serial_bayou_shore_b
Lair:5:   layout_cave_pods, ebering_ghost_inner_flame, grunt_megastairs_4
Lair:6:   minmay_lair_end_enchanted_forest, layout_misc_corridors,
          dpeg_slime_entry_enclosed_altar, gauntlet_entry_generic,
          grunt_megastairs_1
Orc:1:    layout_caves
Orc:2:    grunt_orc_community_town_hall, layout_caves,
          grunt_orc_community_big_house_2, grunt_orc_community_big_house_1,
          grunt_orc_community_house_1, grunt_orc_community_house_1,
          grunt_orc_community_house_1, grunt_orc_community_house_2

Notes
Turn   | Place    | Note
-------+----------+-------------------------------------------
     0 | Abyss:1  | spiderkeys the Ghoul Abyssal Knight began the quest for the
                  | Orb.
     0 | Abyss:1  | Reached XP level 1. HP: 19/19 MP: 1/1
     0 | Abyss:1  | magus.rc [v1.11.3]
    19 | D:1      | You pass through the gate.
    19 | D:1      | Escaped the Abyss
   147 | D:1      | Reached skill level 1 in Dodging
   267 | D:1      | Reached skill level 2 in Armour
   267 | D:1      | Reached XP level 2. HP: 24/26 MP: 2/2
   345 | D:1      | Reached skill level 2 in Axes
   652 | D:1      | You add the spells Gell's Gravitas, Teleport Other and
                  | Dispersal to your library.
  1091 | D:1      | Reached *** piety under Lugonu
  1294 | D:2      | Reached XP level 3. HP: 31/31 MP: 3/3
  1306 | D:2      | Found Voant's Assorted Antiques.
  1444 | D:2      | Bought a black potion for 17 gold pieces
  1444 | D:2      | Bought a scroll labelled OROCHA POIDOAF for 19 gold pieces
  1472 | D:2      | You pick up a book of Necromancy and begin reading...
  1472 | D:2      | You add the spells Pain, Animate Skeleton and Vampiric
                  | Draining to your library.
  1783 | D:2      | You pick up a book of Vapours and begin reading...
  1783 | D:2      | You add the spells Poisonous Vapours and Corpse Rot to your
                  | library.
  1855 | D:2      | You pick up a book of Sloth and begin reading...
  1855 | D:2      | You add the spells Petrify and Metabolic Englaciation to
                  | your library.
  2282 | D:2      | Identified 2 scrolls of acquirement
  2282 | D:2      | Acquired a manual of Shields
  2284 | D:2      | Acquired 892 gold pieces
  2329 | D:3      | Reached XP level 4. HP: 32/40 MP: 3/5
  2515 | D:3      | Found a transporter.
  2520 | D:3      | Found a transporter.
  2520 | D:3      | Noticed rabbitsville's ghost (weakling OgMo)
  2544 | D:3      | Reached skill level 3 in Invocations
  2554 | D:3      | Reached skill level 4 in Fighting
  2576 | D:3      | Found a faded altar of an unknown god.
  2707 | D:3      | Noticed a necrophage
  2789 | D:3      | Reached **** piety under Lugonu
  2962 | D:4      | Noticed Blork the orc
  3151 | D:4      | Reached XP level 5. HP: 32/46 MP: 3/6
  3169 | D:4      | Banished Blork the orc
  3361 | D:4      | Reached skill level 3 in Axes
  3361 | D:4      | Reached skill level 3 in Armour
  3361 | D:4      | Reached XP level 6. HP: 51/53 MP: 5/7
  3416 | D:4      | Reached skill level 4 in Invocations
  3443 | D:4      | Reached skill level 5 in Fighting
  3601 | D:4      | You pick up a book of Changes and begin reading...
  3646 | D:4      | Reached XP level 7. HP: 53/61 MP: 7/9
  4111 | D:4      | Reached skill level 4 in Armour
  4121 | D:4      | Reached skill level 4 in Axes
  4577 | D:5      | Entered Level 5 of the Dungeon
  4590 | D:5      | Reached skill level 5 in Invocations
  4752 | D:5      | Reached XP level 8. HP: 61/70 MP: 7/10
  5066 | D:5      | Reached skill level 6 in Fighting
  5442 | D:5      | Found a staircase to the Ecumenical Temple.
  5567 | D:5      | Identified the +9 hand axe of the Vanishing Friars {venom,
                  | Will+++ Str+8 Dex-4 Stlth+}
  5664 | D:5      | Noticed Pikel
  5684 | D:5      | Killed Pikel
  5685 | D:5      | Reached skill level 5 in Axes
  5685 | D:5      | Reached skill level 5 in Armour
  5685 | D:5      | Reached skill level 6 in Invocations
  5836 | D:5      | You pick up a book of Fire and begin reading...
  5836 | D:5      | You add the spells Fireball, Starburst and Ignition to your
                  | library.
  5953 | D:5      | Reached skill level 7 in Fighting
  5953 | D:5      | Reached XP level 9. HP: 79/79 MP: 12/12
  6140 | D:5      | Found a runed translucent door.
  6141 | D:5      | Noticed Crazy Yiuf
  6148 | D:5      | Killed Crazy Yiuf
  6438 | D:6      | Noticed Dowan
  6439 | D:6      | Noticed Duvessa
  6448 | D:6      | Killed Duvessa
  6448 | D:6      | Killed Dowan
  6617 | D:6      | Reached skill level 7 in Invocations
  6705 | D:6      | Reached ***** piety under Lugonu
  6849 | D:6      | Found an ancient bone altar of Kikubaaqudgha.
  6979 | D:6      | Reached skill level 6 in Axes
  7033 | D:6      | Reached skill level 6 in Armour
  7473 | D:7      | Noticed Joseph
  7486 | D:7      | Killed Joseph
  7487 | D:7      | Reached skill level 8 in Fighting
  7738 | D:7      | Reached XP level 10. HP: 88/88 MP: 11/14
  7829 | D:7      | Reached skill level 8 in Invocations
  8440 | D:7      | Reached skill level 7 in Axes
  8446 | D:7      | Reached skill level 7 in Armour
  9404 | D:8      | Reached skill level 9 in Fighting
  9644 | D:8      | Noticed Maggie
  9654 | D:8      | Killed Maggie
  9655 | D:8      | Reached skill level 1 in Shields
  9955 | D:9      | Noticed domi's ghost (novice DsWz)
  9956 | D:9      | Noticed a moth of wrath
  9964 | D:9      | Found a transporter.
  9995 | D:9      | Found a transporter.
 10020 | D:9      | Reached skill level 2 in Shields
 10020 | D:9      | Reached skill level 9 in Invocations
 10063 | D:9      | You add the spells Tukima's Dance, Passage of Golubria and
                  | Yara's Violent Unravelling to your library.
 10082 | D:9      | Found a staircase to the Orcish Mines.
 10101 | D:9      | Noticed a two-headed ogre
 10134 | D:9      | Noticed a two-headed ogre
 10138 | D:9      | Banished a two-headed ogre
 10139 | D:9      | Reached skill level 3 in Shields
 10139 | D:9      | Reached XP level 11. HP: 35/99 MP: 5/16
 10542 | D:9      | Reached skill level 4 in Shields
 10560 | D:9      | Reached skill level 8 in Axes
 10560 | D:9      | Reached skill level 8 in Armour
 10658 | D:9      | Reached skill level 10 in Fighting
 10714 | D:9      | Killed a two-headed ogre
 10733 | D:9      | Reached skill level 5 in Shields
 10851 | D:9      | Found a staircase to the Lair.
 10928 | D:9      | Reached ****** piety under Lugonu
 11080 | D:9      | Noticed a wizard
 11089 | D:9      | Killed a wizard
 11223 | D:9      | You pick up a book of Pain and begin reading...
 11223 | D:9      | You add the spells Agony and Excruciating Wounds to your
                  | library.
 11680 | D:10     | Entered Level 10 of the Dungeon
 11694 | D:10     | Noticed a centaur warrior
 11705 | D:10     | Killed a centaur warrior
 11709 | D:10     | You pick up a book of Vapours and begin reading...
 11815 | D:10     | Reached skill level 6 in Shields
 12185 | D:10     | Noticed a five-headed hydra
 12195 | D:10     | Killed a one-headed hydra
 12196 | D:10     | Reached skill level 7 in Shields
 12196 | D:10     | Reached XP level 12. HP: 68/108 MP: 10/17
 12705 | D:11     | Reached skill level 11 in Fighting
 12783 | D:11     | Reached skill level 9 in Axes
 12783 | D:11     | Reached skill level 9 in Armour
 13013 | D:11     | Found a sparkling altar of Nemelex Xobeh.
 13331 | D:11     | Noticed a two-headed ogre
 13342 | D:11     | Killed a two-headed ogre
 13509 | D:11     | Noticed a deep elf knight
 13890 | Lair:1   | Entered Level 1 of the Lair of Beasts
 13892 | Lair:1   | Noticed Amaemon
 13912 | Lair:1   | Killed Amaemon
 13923 | Lair:1   | Reached skill level 8 in Shields
 14397 | Lair:1   | You pick up a book of the Spheres and begin reading...
 14397 | Lair:1   | You add the spells Iskenderun's Battlesphere, Conjure Ball
                  | Lightning and Orb of Destruction to your library.
 14477 | Lair:1   | Noticed an eight-headed hydra
 14487 | Lair:1   | Killed a four-headed hydra
 14542 | Lair:1   | Reached skill level 9 in Shields
 14777 | Lair:1   | Noticed Prince Ribbit
 14784 | Lair:1   | Reached skill level 12 in Fighting
 14792 | Lair:1   | Killed Prince Ribbit
 14799 | Lair:1   | Reached skill level 10 in Armour
 14799 | Lair:1   | HP: 22/112 [blink frog[Prince Ribbit] (7)]
 14802 | Lair:1   | Reached skill level 10 in Axes
 14804 | Lair:1   | HP: 13/112 [blink frog (4)]
 15634 | Lair:2   | Noticed a six-headed hydra
 15642 | Lair:2   | Killed a one-headed hydra
 15643 | Lair:2   | Reached XP level 13. HP: 107/118 MP: 15/18
 15741 | Lair:2   | Reached skill level 10 in Shields
 16074 | Lair:2   | Found a hole to the Spider Nest.
 16517 | Lair:3   | You pick up a book of Power and begin reading...
 16517 | Lair:3   | You add the spells Iron Shot and Spellforged Servitor to
                  | your library.
 16517 | Lair:3   | You pick up a book of Changes and begin reading...
 16698 | Lair:3   | You fall into a shaft and drop 3 floors!
 16698 | Lair:6   | Entered Level 6 of the Lair of Beasts
 16765 | Lair:6   | Found a gate leading to a gauntlet.
 16818 | Gauntlet | Entered a Gauntlet
 16818 | Gauntlet | Found a transporter.
 17009 | Gauntlet | Found a transporter.
 17020 | Gauntlet | Found a transporter.
 17023 | Gauntlet | Found a transporter.
 17034 | Gauntlet | Found a transporter.
 17049 | Gauntlet | Found a transporter.
 17060 | Gauntlet | Found a transporter.
 17070 | Gauntlet | Found a runed translucent gate.
 17071 | Gauntlet | Found a transporter.
 17071 | Gauntlet | Found a runed translucent gate.
 17072 | Gauntlet | Found a runed translucent gate.
 17083 | Gauntlet | Found a transporter.
 17083 | Gauntlet | Found a transporter.
 17085 | Gauntlet | Found a transporter.
 17105 | Gauntlet | Found a transporter.
 17115 | Gauntlet | Found a transporter.
 17118 | Gauntlet | Found a transporter.
 17232 | Gauntlet | Corrupted Gauntlet
 17232 | Gauntlet | Noticed a green death
 17232 | Gauntlet | Noticed a bone dragon
 17232 | Gauntlet | Noticed a starcursed mass
 17232 | Gauntlet | Noticed a tentacled starspawn
 17257 | Gauntlet | Noticed a starcursed mass
 17298 | Gauntlet | Killed a minotaur
 17682 | Gauntlet | Noticed a quicksilver ooze
 17682 | Gauntlet | a jorogumo changed into a quicksilver ooze
 17683 | Gauntlet | a quicksilver ooze changed into a radroach
 17684 | Gauntlet | Noticed a quicksilver ooze
 17684 | Gauntlet | a radroach changed into a quicksilver ooze
 17690 | Gauntlet | Noticed an emperor scorpion
 17690 | Gauntlet | a quicksilver ooze changed into an emperor scorpion
 17697 | Gauntlet | Noticed a minotaur
 17699 | Gauntlet | Noticed an entropy weaver
 17699 | Gauntlet | a minotaur changed into an entropy weaver
 17701 | Gauntlet | Noticed a fire dragon
 17701 | Gauntlet | an entropy weaver changed into a fire dragon
 17913 | Gauntlet | Reached skill level 11 in Shields
 18230 | Gauntlet | Reached skill level 13 in Fighting
 18420 | Gauntlet | Identified the +2 hand axe of a sewer {vorpal, Str+4}
 18827 | Lair:5   | Reached skill level 11 in Axes
 18827 | Lair:5   | Reached skill level 11 in Armour
 18952 | Lair:5   | Found a runed translucent door.
 19025 | Lair:5   | Noticed Muulud's ghost (journeyman SpBe)
 19122 | Lair:5   | You pick up a book of Unlife and begin reading...
 19122 | Lair:5   | You add the spells Animate Dead, Borgnjor's Vile Clutch and
                  | Death Channel to your library.
 19580 | Lair:5   | magus.rc [v1.11.3]
 20126 | Lair:4   | Reached XP level 14. HP: 121/129 MP: 16/19
 20498 | Lair:4   | Found a staircase to the Shoals.
 21302 | Lair:3   | Reached skill level 12 in Shields
 21633 | Lair:3   | Noticed Gastronok
 21633 | Lair:3   | Gastronok the Ponderous comes into view. He is wearing the
                  | +3 hat of Pondering {ponderous, Will+ MP+10 Int+5}.
 21650 | Lair:3   | Killed Gastronok
 22552 | Lair:5   | Identified the +12 quick blade "Conservator" {venom, +Blink
                  | Str+2 Int+4}
 22553 | Lair:5   | Z - the +12 quick blade "Conservator" {venom, +Blink Str+2
                  | Int+4, rare}
 22554 | Lair:5   | You drop the +12 quick blade "Conservator" {venom, +Blink
                  | Str+2 Int+4, rare}.
 22723 | Lair:6   | HP: 30/130 [spriggan rider/+0 spear (4)]
 22730 | Lair:6   | HP: 22/130 [spriggan rider/+0 spear (15)]
 23392 | Lair:6   | Found a viscous altar of Jiyva.
 23393 | Lair:6   | Found a staircase to the Slime Pits.
 23434 | Lair:6   | Reached skill level 14 in Fighting
 23652 | Lair:6   | Identified the amulet of Himagu {Spirit Rampage Will+ Str-3
                  | Int+3}
 23720 | Lair:6   | You pick up a book of Winter and begin reading...
 23720 | Lair:6   | You add the spells Ozocubu's Armour and Simulacrum to your
                  | library.
 24284 | Lair:5   | Killed Muulud's ghost
 24626 | Orc:1    | Entered Level 1 of the Orcish Mines
 24768 | Orc:2    | Entered Level 2 of the Orcish Mines
 24787 | Orc:1    | Reached skill level 12 in Axes
 24916 | Orc:2    | Reached skill level 12 in Armour
 25143 | Orc:2    | Found a staircase to the Elven Halls.
 25261 | Orc:2    | Noticed an orc warlord
 25623 | Orc:1    | Killed an orc warlord
 25979 | Orc:2    | Found Tyafolif's Jewellery Emporium.
 26039 | Orc:2    | Noticed an orc warlord
 26058 | Orc:2    | HP: 31/133 [orc warrior/+0 mace (12)]
 26071 | Orc:2    | HP: 20/133 [orc warlord/bolt (14)]
 27499 | Orc:2    | Killed an orc warlord
 27500 | Orc:2    | Reached XP level 15. HP: 94/139 MP: 14/20
 27675 | Orc:2    | Found Niw Pora's Antique Armour Shop.
 27677 | Orc:2    | Found Bawn's Antique Weapon Boutique.
 27874 | Orc:2    | Found Kyushihuo's Antique Weapon Boutique.
 27957 | Orc:2    | Bought an amulet of reflection for 330 gold pieces
 28582 | D:11     | HP: 30/139 [deep troll (7)]
 28584 | D:11     | Reached skill level 13 in Shields
 29439 | D:11     | Noticed a frost giant
 29748 | D:11     | Killed a frost giant
 29940 | D:11     | HP: 30/139 [deep elf archer/arrow (10)]
 29944 | D:11     | Reached skill level 15 in Fighting
 30356 | D:11     | Found the +4 moon troll leather armour {Spirit, Regen++
                  | MP+5}
 30796 | D:12     | Found a frozen archway.
 30807 | D:12     | Found Wugatou's Magic Scroll Boutique.
 30823 | D:12     | Bought a scroll of identify for 22 gold pieces
 30823 | D:12     | Bought a scroll of vulnerability for 82 gold pieces
 30823 | D:12     | Bought a scroll of teleportation for 33 gold pieces
 30823 | D:12     | Bought a scroll of blinking for 82 gold pieces
 30823 | D:12     | Bought a scroll of blinking for 82 gold pieces
 30823 | D:12     | Bought a scroll of enchant armour for 82 gold pieces
 30871 | IceCv    | Entered an ice cave
 31832 | IceCv    | Found a viscous altar of Jiyva.
 31832 | IceCv    | Noticed an azure jelly
 32155 | IceCv    | Killed an azure jelly
 32296 | IceCv    | Identified the +0 ice dragon scales of Moem {rF- rC++ Will+
                  | Str+3}
 32591 | D:12     | Reached skill level 13 in Armour
 32917 | D:12     | Reached skill level 13 in Axes
 33090 | D:12     | Noticed Snorg
 33114 | D:12     | Killed Snorg
 33340 | D:12     | Noticed Psyche
 33345 | D:12     | Killed Psyche
 33453 | D:13     | You pick up a book of Conjurations and begin reading...
 33453 | D:13     | You add the spells Magic Dart, Searing Ray and Fulminant
                  | Prism to your library.
 34072 | D:13     | Got Sif Muna's Almanac of Weightlessness
 34231 | D:13     | HP: 24/141 [large slime creature (20)]
 34232 | D:13     | Slain by a large slime creature

Vanquished Creatures
  Gastronok (Lair:3)
  An azure jelly (IceCv)
  A frost giant (D:11)
  2 orc warlords
  4 quicksilver oozes (IceCv)
  The ghost of Muulud the Spry, a journeyman SpBe of Trog (Lair:5)
  Snorg (D:12)
  2 ettins (D:11)
  A yaktaur captain (D:11)
  A catoblepas (Lair:6)
  9 hydras
  A boulder beetle (D:13)
  3 centaur warriors
  2 two-headed ogres
  A tengu warrior (D:11)
  2 orc high priests
  A death yak (Lair:5)
  Amaemon (Lair:1)
  A deep elf knight (D:11)
  2 deep trolls (D:11)
  A necromancer (Gauntlet)
  2 deep elf archers (D:11)
  Pikel (D:5)
  2 ugly things
  3 orc knights
  A wolf spider (Lair:2)
  2 orc sorcerers
  A manticore (D:11)
  2 cyclopes (D:11)
  A merfolk siren (Lair:4)
  A black mamba (Lair:6)
  Joseph (D:7)
  An elephant (Lair:6)
  2 ice statues (IceCv)
  An apocalypse crab (Gauntlet)
  An orange demon (Lair:1)
  14 cane toads
  4 gargoyles
  2 unseen horrors
  Psyche (D:12)
  Maggie (D:8)
  3 entropy weaver simulacra (IceCv)
  4 rime drakes
  An ice devil (Gauntlet)
  12 komodo dragons
  2 trolls (shapeshifter)
  A tengu conjurer (D:11)
  6 trolls
  6 hornets
  A dream sheep (Lair:6)
  16 slime creatures
  16 blink frogs
  7 polar bears
  Prince Ribbit (Lair:1)
  A jumping spider (shapeshifter) (Gauntlet)
  A wraith (D:12)
  A shadow (D:13)
  11 spriggans
  2 basilisks
  44 yaks
  2 wyverns
  A yak (shapeshifter) (D:11)
  11 vampire mosquitoes
  3 wargs
  A steam dragon (D:7)
  An acid dragon (D:9)
  A swamp worm (shapeshifter) (Gauntlet)
  3 demonic crawler simulacra (IceCv)
  15 water moccasins
  Duvessa (D:6)
  54 orc warriors
  2 sky beasts
  6 black bears
  4 ice beasts
  10 ogres
  2 ugly thing simulacra (IceCv)
  3 boggarts (Lair:6)
  39 wolves
  7 centaurs
  4 lemures (D:5)
  3 kobold brigands
  2 phantoms (D:6)
  14 bullfrogs
  A gnoll sergeant (D:8)
  3 necrophages
  6 scorpions
  A glowing shapeshifter simulacrum (IceCv)
  6 wights
  Dowan (D:6)
  A killer bee (D:7)
  2 howler monkeys
  4 electric eels
  A crimson imp (D:9)
  6 hounds
  4 jellies
  Crazy Yiuf (D:5)
  A gnoll shaman (D:6)
  20 orc priests
  2 iguanas
  26 orc wizards
  3 centaur simulacra
  18 gnolls
  8 adders
  A shadow imp (D:7)
  3 white imps (Gauntlet)
  A howler monkey simulacrum (D:8)
  3 ufetubi
  2 dart slugs
  134 orcs
  8 endoplasms
  2 giant cockroaches
  9 goblins
  8 hobgoblins
  3 jackals
  12 kobolds
  2 quokkas
  7 ball pythons
  19 bats
  4 frilled lizards
  5 rats
746 creatures vanquished.

Vanquished Creatures (others)
  A minotaur (Gauntlet)
  2 thrashing horrors (Gauntlet)
  A wizard (D:9)
  2 raiju (Gauntlet)
  A demonic crawler simulacrum (IceCv)
  3 small abominations (Gauntlet)
  A lightning spire (Gauntlet)
  53 fungi
  62 plants
  2 starspawn tentacles (Gauntlet)
128 creatures vanquished.

Grand Total: 874 creatures vanquished

Table legend:
 A = Non-vault XP
 B = Vault XP
 C = Vault XP percentage of total XP
 D = Non-vault monster count
 E = Vault monster count
 F = Vault count percentage of total count
                 A         B        C        D         E       F
            +---------+---------+-------+---------+---------+-------
      Total |   65268 |   59489 |  47.7 |     472 |     274 |  36.7
            +---------+---------+-------+---------+---------+-------
        D:1 |      32 |       0 |   0.0 |      20 |       0 |   0.0
        D:2 |      38 |       8 |  17.4 |      18 |       4 |  18.2
        D:3 |      73 |       0 |   0.0 |      24 |       0 |   0.0
        D:4 |     494 |     342 |  40.9 |      22 |      12 |  35.3
        D:5 |     786 |     658 |  45.6 |      22 |       2 |   8.3
        D:6 |    1076 |     225 |  17.3 |      22 |      10 |  31.2
        D:7 |    1003 |    1552 |  60.7 |      22 |      13 |  37.1
        D:8 |     928 |    1143 |  55.2 |      21 |      11 |  34.4
        D:9 |    4078 |    1853 |  31.2 |      35 |      28 |  44.4
       D:10 |    4154 |       0 |   0.0 |      15 |       0 |   0.0
       D:11 |    2592 |   11589 |  81.7 |       6 |      18 |  75.0
       D:12 |    4720 |    2076 |  30.5 |      22 |       4 |  15.4
       D:13 |    4238 |       0 |   0.0 |      12 |       0 |   0.0
     Lair:1 |    6723 |    3792 |  36.1 |      21 |      12 |  36.4
     Lair:2 |    5028 |     573 |  10.2 |      30 |       1 |   3.2
     Lair:3 |    3482 |    1497 |  30.1 |      12 |       1 |   7.7
     Lair:4 |    3291 |    1247 |  27.5 |      12 |       5 |  29.4
     Lair:5 |    5213 |    3351 |  39.1 |      15 |      10 |  40.0
     Lair:6 |    5909 |    9377 |  61.3 |      20 |      37 |  64.9
      Orc:1 |    6562 |       3 |   0.0 |      45 |       1 |   2.2
      Orc:2 |    3525 |    6085 |  63.3 |      51 |      62 |  54.9
      IceCv |    1045 |   10954 |  91.3 |       4 |      25 |  86.2
   Gauntlet |     278 |    3164 |  91.9 |       1 |      18 |  94.7
            +---------+---------+-------+---------+---------+-------

Illustrated notes

Table legend:
 A = Kills in this place as a percentage of kills in entire the game.
 B = Kills by you in this place as a percentage of kills by you in the entire game.
 C = Kills by friends in this place as a percentage of kills by friends in the entire game.
 D = Other kills in this place as a percentage of other kills in the entire game.
 E = Experience gained in this place as a percentage of experience gained in the entire game.
 F = Experience gained in this place divided by the number of levels of this place that you have seen.
                   A       B       C       D       E      F
               +-------+-------+-------+-------+-------+----------------------
         Total | 100.0 | 100.0 |   N/A | 100.0 | 100.0 | 5198.2
       Dungeon |  48.7 |  48.4 |   N/A | 100.0 |  35.0 | 3358.3
          Lair |  23.6 |  23.7 |   N/A |   0.0 |  39.7 | 8247.2
  Orcish Mines |  21.3 |  21.4 |   N/A |   0.0 |  13.0 | 8087.5
      Ice Cave |   3.9 |   3.9 |   N/A |   0.0 |   9.6 | 11999.0
      Gauntlet |   2.5 |   2.6 |   N/A |   0.0 |   2.8 | 3442.0
               +-------+-------+-------+-------+-------+----------------------

Table legend: (Time is in decaauts)
 A = Elapsed time spent in this place.
 B = Non-inter-level travel time spent in this place.
 C = Inter-level travel time spent in this place.
 D = Time resting spent in this place.
 E = Time spent auto-exploring this place.
 F = Levels seen in this place.
 G = Mean time per level.
                   A        B        C        D        E       F      G
               +--------+--------+--------+--------+--------+-----+--------+
         Total |  34602 |  32936 |   1666 |   7660 |  19306 |  24 | 1441.8 |
       Dungeon |  18170 |  17384 |    786 |   2921 |  11485 |  13 | 1397.7 |
          Lair |   9237 |   8542 |    695 |   1192 |   5929 |   6 | 1539.5 |
  Orcish Mines |   3856 |   3672 |    184 |   1713 |   1176 |   2 | 1928.0 |
         Abyss |     19 |     19 |      0 |      0 |     10 |   1 |   19.0 |
      Ice Cave |   1680 |   1680 |      0 |   1142 |    273 |   1 | 1680.0 |
      Gauntlet |   1638 |   1638 |      0 |    692 |    433 |   1 | 1638.0 |
               +--------+--------+--------+--------+--------+-----+--------+

Top non-repeatable levels by time:
    D:11: 2877 daAuts
   Orc:1: 2328 daAuts
  Lair:5: 2113 daAuts
  Lair:1: 1777 daAuts
   IceCv: 1680 daAuts
    D:10: 1668 daAuts
     D:5: 1647 daAuts
Gauntlet: 1638 daAuts
  Lair:4: 1605 daAuts
     D:7: 1584 daAuts
     D:9: 1552 daAuts
     D:4: 1546 daAuts
   Orc:2: 1527 daAuts
  Lair:6: 1447 daAuts
  Lair:3: 1320 daAuts
